 Dungeon Crawl Stone Soup version 0.30.0-19-g36f170ea60 (webtiles) character file.

Game seed: 3276351371612633548

451 Irreverend the Conjurer (level 6, -1/31 (32) HPs)
             Began as a Deep Elf Conjurer on May 30, 2023.
             Slain by Duvessa
             ... wielding a +1 short sword of draining
              (19 damage)
             ... on level 4 of the Dungeon.
             The game lasted 00:07:02 (3910 turns).

Irreverend the Conjurer (Deep Elf Conjurer)         Turns: 3910, Time: 00:07:03

HP:   -1/31 (32)    AC:  2    Str:  4    XL:     6   Next: 75%
MP:   6/16          EV: 13    Int: 25    God:
Gold: 276           SH:  0    Dex: 13    Spells: 4/15 levels left

rFire   . . .        g - +1 dagger (speed)
rCold   . . .        (no shield)
rNeg    . . .        a - +0 robe
rPois   .            (no helmet)
rElec   .            (no cloak)
rCorr   .            (no gloves)
SInv    .            (no boots)
Will    +....        n - amulet of the acrobat
Stlth   ++           p - ring of willpower
HPRegen 0.25/turn    (no ring)
MPRegen 0.15/turn

%: acrobat
@: lightly drained
A: no striking features
a: no special abilities


You were on level 4 of the Dungeon.
You visited 1 branch of the dungeon, and saw 4 of its levels.
You also visited: Sewer.

You collected 276 gold pieces.

Inventory:

Hand Weapons
 g - a +1 dagger of speed (weapon)
Missiles
 o - 2 throwing nets
Armour
 a - a +0 robe (worn)
Jewellery
 c - a ring of ice
 n - an amulet of the acrobat (around neck)
 p - a ring of willpower (left hand)
Scrolls
 e - a scroll of immolation {unknown}
 h - a scroll of poison {unknown}
 k - 2 scrolls of fear {unknown}
 q - a scroll of identify {unknown}
 r - a scroll of brand weapon {unknown}
 t - a scroll of enchant weapon {unknown}
Potions
 b - 2 potions of magic
 d - 4 potions of curing
 f - a potion of haste {unknown}
 i - 4 potions of brilliance {unknown}
 j - a potion of heal wounds {unknown}
 l - 2 potions of lignification {unknown}
 m - 6 potions of flight
 s - a potion of cancellation {unknown}


   Skills:
 + Level 4.5 Dodging
 - Level 2.4 Stealth
 + Level 5.3 Spellcasting
 * Level 6.8 Conjurations
 + Level 2.5 Hexes


You had 4 spell levels left.
You knew the following spells:

 Your Spells              Type           Power      Damage    Failure   Level
a - Magic Dart            Conj           100%       1d8       1%          1
b - Searing Ray           Conj           82%        2d7       1%          2
c - Fulminant Prism       Conj/Hex       15%        3d10      12%         4
d - Iskenderun's Mystic   Conj/Tloc      23%        2d6       19%         4

Your spell library contained the following spells:

 Spells                   Type           Power      Damage    Failure   Level
 Shock                    Conj/Air       92%        1d8       1%          1
 Dazzling Flash           Conj/Hex       60%        N/A       3%          3
 Summon Small Mammal      Summ           24%        N/A       8%          1
 Summon Guardian Golem    Hex/Summ       13%        N/A       14%         3
 Call Canine Familiar     Summ           6%         N/A       24%         3
 Swiftness                Air            6%         N/A       24%         3
 Volatile Blastmotes      Fire/Tloc      12%        2d11      24%         3
 Airstrike                Air            3%         2d(1-17)  61%         4
 Lee's Rapid Deconstruct  Erth           3%         3d5*      91%         5


Dungeon Overview and Level Annotations

Branches:
Dungeon (4/15)              Sewer (visited)
 Temple: D:4-7

Altars:

Annotations:
D:4 Duvessa


Message History

You hear a bark!
Casting: Searing Ray (safe; 1% risk of failure)
Confirm with . or Enter, or press ? or * to list all spells.
Aiming: Searing Ray (safe; 1% risk of failure)
Press: ? - help, Shift-Dir - straight line, f - Duvessa
Aim: Duvessa, wielding a +1 short sword of draining and wearing a +0 leather armour (berserk, 84% to hit)
The searing ray hits Duvessa.
Duvessa is lightly wounded. (Press . to maintain the ray.)
Casting: Searing Ray (safe; 1% risk of failure)
Confirm with . or Enter, or press ? or * to list all spells.
Aiming: Searing Ray (safe; 1% risk of failure)
Press: ? - help, Shift-Dir - straight line, f/p - Duvessa
Aim: Duvessa, wielding a +1 short sword of draining and wearing a +0 leather armour (lightly wounded, berserk, 84% to hit)
The searing ray hits Duvessa but does no damage.
Duvessa is lightly wounded. (Press . to maintain the ray.)
The searing ray hits Duvessa.
Duvessa is lightly wounded.
Duvessa hits you with a +1 short sword of draining!
You feel drained.
The searing ray hits Duvessa.
Duvessa is lightly wounded.
Duvessa barely misses you. Duvessa completely misses you.
The searing ray hits Duvessa.
Duvessa is moderately wounded.
You finish channelling your searing ray.
Duvessa closely misses you.
Casting: Searing Ray (safe; 1% risk of failure)
Confirm with . or Enter, or press ? or * to list all spells.
Aiming: Searing Ray (safe; 1% risk of failure)
Press: ? - help, Shift-Dir - straight line, f/p - Duvessa
Aim: Duvessa, wielding a +1 short sword of draining and wearing a +0 leather armour (moderately wounded, berserk, 84% to hit)
The searing ray hits Duvessa.
Duvessa is moderately wounded. (Press . to maintain the ray.)
The hound barks!
Duvessa hits you with a +1 short sword of draining!!
Ouch! That really hurt!
You die...

.#.e...h....##........#
..#.........##........#
......>....##........#
#####.........##........#
..............##........#
# #.........##........#
#.........######.####
#####......h..#####...##
...##..........e@#.....##
...##.........##........#
...###.<.....####.......#
...# ##.....## #.).....#
## #### ####### ##.....##
######. ##.....####......
#...........##...
#.......###.##...
#.......# #.##.#~


You could see Duvessa (berserk) and a hound.

Vanquished Creatures
  An ogre (D:4)
  A kobold brigand (Sewer)
  Dowan (D:4)
  A sleepcap (D:4)
  Natasha (thrice) (D:2)
  An adder (D:2)
  A gnoll (D:2)
  A river rat (Sewer)
  4 worms
  7 orcs
  7 endoplasms
  3 giant cockroaches
  A goblin (D:2)
  6 hobgoblins
  20 jackals
  8 kobolds
  5 quokkas
  9 ball pythons
  4 bats
  4 frilled lizards
  5 rats
93 creatures vanquished.

Notes
Turn   | Place    | Note
-------+----------+-------------------------------------------
     0 | D:1      | Irreverend the Deep Elf Conjurer began the quest for the
                  | Orb.
     0 | D:1      | Reached XP level 1. HP: 10/10 MP: 6/6
   149 | D:1      | Reached XP level 2. HP: 15/15 MP: 5/8
   182 | D:1      | Learned a level 2 spell: Searing Ray
   337 | D:1      | Found a faded altar of an unknown god.
   573 | D:1      | Reached skill level 5 in Conjurations
   578 | D:1      | Reached XP level 3. HP: 19/19 MP: 5/10
  1193 | D:2      | Noticed Natasha
  1195 | D:2      | Killed Natasha
  1275 | D:2      | Noticed Natasha
  1291 | D:2      | Killed Natasha
  1292 | D:2      | Reached XP level 4. HP: 19/24 MP: 8/12
  1364 | D:2      | Noticed Natasha
  1372 | D:2      | Killed Natasha
  1563 | D:2      | Reached XP level 5. HP: 28/28 MP: 9/13
  1815 | D:2      | Learned a level 4 spell: Fulminant Prism
  1820 | D:2      | Learned a level 4 spell: Iskenderun's Mystic Blast
  2435 | D:3      | Reached skill level 6 in Conjurations
  3112 | D:4      | Noticed an ogre
  3122 | D:4      | Killed an ogre
  3123 | D:4      | Reached skill level 1 in Hexes
  3123 | D:4      | Reached XP level 6. HP: 32/32 MP: 4/15
  3430 | D:4      | Found a glowing drain.
  3437 | D:4      | Reached skill level 5 in Spellcasting
  3443 | Sewer    | Entered a sewer
  3653 | Sewer    | Found a glowing silver altar of Zin.
  3860 | D:4      | Noticed Duvessa
  3861 | D:4      | Noticed Dowan
  3879 | D:4      | Killed Dowan
  3910 | D:4      | Slain by Duvessa

Illustrated notes

Levels and vault maps discovered:
D:1:      lemuel_arrival_cross, layout_loops_cross,
          hellmonk_ecumenical_altar_pennies_from_heaven
D:2:      layout_basic, st_stairs_8, minmay_crystal_room, uniq_natasha
D:3:      minmay_chambers_of_twos, layout_basic, reono_crystal_passage
D:4:      layout_rooms, lemuel_doored_altar, cheibrodos_sewer_entry_bend,
          kennysheep_another_room, uniq_duvessa

Skill      XL: |  1  2  3  4  5  6 |
---------------+-------------------+-----
Conjurations   | 5 6 |  6.8
Dodging        | 3 4 |  4.5
Spellcasting   | 4 5 |  5.3
Hexes          | 1 2 |  2.5
Stealth        | |  2.4

Action                     |  1- 3 |  4- 6 || total
---------------------------+-------+-------++-------
  Melee: Dagger            |       |     7 ||     7
   Cast: Magic Dart        |    23 |    11 ||    34
         Searing Ray       |    13 |    47 ||    60
 Armour: Robe              |     4 |     2 ||     6
  Dodge: Dodged            |     8 |    25 ||    33
